 Dungeon Crawl Stone Soup version 0.23.2-40-g277498a001 (webtiles) character file.

Game seed: 6305874179894930858

70 Flortec the Chiller (level 4, -3/30 HPs)
             Began as a Vampire Ice Elementalist on Oct 8, 2019.
             Slain by a goblin
             ... wielding a +0 dagger
             ... led by Robin
              (4 damage)
             ... on level 2 of the Dungeon.
             The game lasted 00:18:07 (2911 turns).

Flortec the Chiller (Vampire Ice Elementalist)      Turns: 2911, Time: 00:18:08

Health: -3/30      AC:  2    Str:  7    XL:     4   Next: 3%
Magic:  2/8        EV: 13    Int: 18    God:
Gold:   105        SH:  0    Dex: 14    Spells: 8/9 levels left

rFire    . . .     SeeInvis +   (no weapon)
rCold    + . .     Gourm    .   (no shield)
rNeg     + + .     Faith    .   a - +0 robe
rPois    +         Spirit   .   (no helmet)
rElec    .         Reflect  .   (no cloak)
rCorr    .         Harm     .   (no gloves)
MR       .....                  (no boots)
Stlth    +++.......             (no amulet)
HPRegen  0.05/turn              (no ring)
MPRegen  0.11/turn              (no ring)

@: regenerating slowly
A: fangs 3, see invisible, unbreathing
a: Bat Form


You were on level 2 of the Dungeon.
You were thirsty.

You visited 1 branch of the dungeon, and saw 2 of its levels.

You collected 105 gold pieces.

Inventory:

Hand Weapons
 e - a +0 dagger
Missiles
 b - 41 stones (quivered)
 c - 9 sling bullets
 d - 17 poisoned needles
Armour
 a - a +0 robe (worn)
Scrolls
 k - a scroll of amnesia {unknown}
 m - a scroll of immolation {unknown}
 n - a scroll of remove curse {unknown}
Potions
 g - a potion of lignification
 h - a potion of ambrosia {unknown}
 i - 2 potions of curing {unknown}
 j - a potion of heal wounds {unknown}
 l - a potion of resistance {unknown}
Comestibles
 f - 5 rations


   Skills:
 + Level 0.1 Fighting
 + Level 2.4 Dodging
 + Level 3.2 Stealth
 + Level 3.1 Spellcasting
   Level 0.6 Conjurations
 + Level 3.9 Ice Magic


You had 8 spell levels left.
You knew the following spells:

 Your Spells              Type           Power        Failure   Level  Hunger
a - Freeze                Ice            ###.         3%          1    None

Your spell library contained the following spells:

 Spells                   Type           Power        Failure   Level  Hunger
 Throw Frost              Conj/Ice       ##....       10%         2    ##.....
 Ozocubu's Armour         Chrm/Ice       #.......     22%         3    ###....
 Throw Icicle             Conj/Ice       ##......     54%         4    ####...
 Summon Ice Beast         Ice/Summ       #.......     58%         4    ####...


Dungeon Overview and Level Annotations

Branches:
Dungeon (2/15)

Altars:

Annotations:
D:2 Robin, Sigmund


Innate Abilities, Weirdness & Mutations

You heal slowly.
You have razor-sharp teeth.
You have supernaturally acute eyesight. (SInv)
You can survive without breathing.


Message History

The goblin misses you.
There are monsters nearby!
There are monsters nearby!
Okay, then.
You barely miss the goblin. The goblin hits you.
* * * LOW HITPOINT WARNING * * *
The goblin hits you but does no damage. The goblin closely misses you.
You closely miss the goblin. The goblin barely misses you. x2
The goblin closely misses you.
You barely miss the goblin. The goblin closely misses you.
The goblin hits you but does no damage. The goblin completely misses you.
You closely miss the goblin.
The goblin no longer looks unusually strong.
The goblin hits you.
* * * LOW HITPOINT WARNING * * *
The goblin closely misses you. The goblin misses you.
You hit the goblin.
The goblin is severely wounded.
The goblin barely misses you. The goblin hits you with a +0 dagger.
You die... #........g..####. #..gg #........g....>......gg #.....(g.g..####.##.gg. #.............# .###... #........g.##.# .# ##.. #########g###.# .# ### #ggg#

#.# .#
#################g#####.##.####
...............g@g.............
####.....###########.##.###
#...##### #.#..# ##.###
##...#######
#..################...........
#...................#..#######
########################


You could see Robin, 2 hobgoblins and 5 goblins.

Vanquished Creatures
  2 adders (D:2)
  3 dart slugs
  A giant cockroach (D:1)
  11 goblins
  5 hobgoblins
  4 jackals (D:1)
  4 bats
  3 frilled lizards
  6 kobolds
  4 rats
43 creatures vanquished.

Notes
Turn   | Place    | Note
-------+----------+-------------------------------------------
     0 | D:1      | Flortec the Vampire Ice Elementalist began the quest for
                  | the Orb.
     0 | D:1      | Reached XP level 1. HP: 13/13 MP: 3/3
   232 | D:1      | Reached XP level 2. HP: 13/19 MP: 1/5
  1107 | D:1      | Reached XP level 3. HP: 24/24 MP: 4/6
  1512 | D:2      | Noticed Robin
  2797 | D:2      | Noticed Sigmund
  2878 | D:2      | Reached XP level 4. HP: 29/30 MP: 3/8
  2910 | D:2      | HP: 1/30 [goblin[Robin] (6)]
  2911 | D:2      | Slain by a goblin

Skill      XL: |  1  2  3 |
---------------+----------+-----
Spellcasting   | 3 |  3.1
Fighting       | |  0.1
Dodging        | |  2.4
Stealth        | |  3.2
Conjurations   | |  0.6
Ice Magic      | |  3.9

Action                   |  1- 3 |  4- 6 || total
-------------------------+-------+-------++-------
Melee: Unarmed           |     4 |     8 ||    12
 Cast: Freeze            |    75 |     6 ||    81
 Abil: End Transformatio |     2 |       ||     2
       Bat Form          |     2 |       ||     2
  Use: Scroll            |     3 |       ||     3
  Eat: Corpse            |     4 |       ||     4
Armor: Robe              |    20 |     3 ||    23
Dodge: Dodged            |    78 |    20 ||    98
